TOP OF THE 1ST |
Athletic Club KC Reserves batting - Pitching for Florida Men : RHP Jorge Silva
|
Pitching: RHP Jorge Silva
|
|
Batting: LHB Michael Landry
|
0-0: Ball 1-0: Ball 2-0: Called Strike 2-1: Ball 3-1: Fly out, F7 (Line Drive, 7M)
|
Batting: RHB Glenn Woods
|
0-0: Ball 1-0: Ball 2-0: Ball 3-0: Called Strike 3-1: Ground out 4-3 (Groundball, 4M)
|
Batting: RHB Robert Hill
|
0-0: Ball 1-0: Called Strike 1-1: Foul Ball, location: 2F 1-2: Strikes out looking
|
Top of the 1st over - 0 run(s), 0 hit(s), 0 error(s), 0 left on base; Athletic Club KC 0 - Florida 0 |
BOTTOM OF THE 1ST |
Florida Men batting - Pitching for Athletic Club KC Reserves : RHP Norris Howard
|
Pitching: RHP Norris Howard
|
|
Batting: RHB Jim Unknown
|
0-0: Called Strike 0-1: Fly out, F8 (Flyball, 8RM)
|
Batting: LHB Bastyão Lizardo
|
0-0: Ball 1-0: Called Strike 1-1: Fly out, F7 (Line Drive, 78S)
|
Batting: RHB Max Banham
|
0-0: Ground out 4-3 (Groundball, 34)
|
Bottom of the 1st over - 0 run(s), 0 hit(s), 0 error(s), 0 left on base; Athletic Club KC 0 - Florida 0 |
TOP OF THE 2ND |
Athletic Club KC Reserves batting - Pitching for Florida Men : RHP Jorge Silva
|
Batting: RHB Dao-zi Dai
|
0-0: Called Strike 0-1: Fly out, F9 (Flyball, 89D)
|
Batting: LHB Eduardo López
|
0-0: Called Strike 0-1: Called Strike 0-2: Ball 1-2: Foul Ball, location: 2F 1-2: Ball 2-2: SINGLE (Line Drive, 6)
|
Batting: RHB Karl Stevens
|
0-0: Called Strike 0-1: Ball 1-1: Swinging Strike 1-2: Foul Ball, location: 2F 1-2: Ball 2-2: Grounds into double play, U6-3 (Groundball, 6M)
|
Top of the 2nd over - 0 run(s), 1 hit(s), 0 error(s), 0 left on base; Athletic Club KC 0 - Florida 0 |
BOTTOM OF THE 2ND |
Florida Men batting - Pitching for Athletic Club KC Reserves : RHP Norris Howard
|
Batting: RHB Pat Ings
|
0-0: Ball 1-0: Ball 2-0: Ball 3-0: Called Strike 3-1: SINGLE (Line Drive, 89S)
|
Batting: RHB Gilberto Patino
|
0-0: Ball 1-0: Ball Pat Ings steals 2nd base 2-0: Called Strike 2-1: Foul Ball, location: 2F 2-2: Strikes out swinging
|
Batting: RHB Won-min Yi
|
0-0: Called Strike 0-1: Foul Ball, location: 2F 0-2: Ball 1-2: Ball 2-2: Ball 3-2: Foul Ball, location: 2F 3-2: Base on Balls
|
Batting: LHB Mysterious Walker
|
0-0: Ground out 3-1 (Groundball, 34S) Pat Ings to third Won-min Yi to second
|
Batting: SHB Luis Gutiérrez
|
0-0: Ball 1-0: Swinging Strike 1-1: Ball 2-1: Swinging Strike 2-2: Ball 3-2: Fly out, F9 (Line Drive, 9M)
|
Bottom of the 2nd over - 0 run(s), 1 hit(s), 0 error(s), 2 left on base; Athletic Club KC 0 - Florida 0 |
TOP OF THE 3RD |
Athletic Club KC Reserves batting - Pitching for Florida Men : RHP Jorge Silva
|
Batting: SHB Don Holmes
|
0-0: Ball 1-0: Ground out 1-3 (Groundball, 15)
|
Batting: LHB Matt Hartnett
|
0-0: Swinging Strike 0-1: Ball 1-1: Foul Ball, location: 2F 1-2: Strikes out swinging
|
Batting: RHB Javier Díaz
|
0-0: Ball 1-0: Called Strike 1-1: Ground out U3 (Groundball, 3S)
|
Top of the 3rd over - 0 run(s), 0 hit(s), 0 error(s), 0 left on base; Athletic Club KC 0 - Florida 0 |
BOTTOM OF THE 3RD |
Florida Men batting - Pitching for Athletic Club KC Reserves : RHP Norris Howard
|
Batting: RHB Aaron Phillips
|
0-0: Called Strike 0-1: Foul Ball, location: 2F 0-2: Ball 1-2: Ball 2-2: Ball 3-2: SINGLE (Line Drive, 56D)
|
Batting: RHB Jim Unknown
|
0-0: SINGLE (Line Drive, 6MD) Aaron Phillips to second
|
Batting: LHB Bastyão Lizardo
|
0-0: Called Strike 0-1: Ball 1-1: Grounds into double play, 6-4-3 (Groundball, 6M) Aaron Phillips to third
|
Batting: RHB Max Banham
|
0-0: Called Strike 0-1: Called Strike 0-2: Foul Ball, location: 2F 0-2: Ball 1-2: Fly out, F8 (Flyball, 8RM)
|
Bottom of the 3rd over - 0 run(s), 2 hit(s), 0 error(s), 1 left on base; Athletic Club KC 0 - Florida 0 |
TOP OF THE 4TH |
Athletic Club KC Reserves batting - Pitching for Florida Men : RHP Jorge Silva
|
Batting: LHB Michael Landry
|
0-0: Ball 1-0: Fly out, F8 (Flyball, 8RS)
|
Batting: RHB Glenn Woods
|
0-0: Called Strike 0-1: Ball 1-1: Ball 2-1: Foul Ball, location: 2F 2-2: Strikes out looking
|
Batting: RHB Robert Hill
|
0-0: Swinging Strike 0-1: Called Strike 0-2: Foul Ball, location: 2F 0-2: Ball 1-2: Ball 2-2: Foul Ball, location: 2F 2-2: Ball 3-2: Foul Ball, location: 2F 3-2: DOUBLE (Line Drive, 7D)
|
Batting: RHB Dao-zi Dai
|
0-0: Foul Ball, location: 2F 0-1: Swinging Strike 0-2: Fly out, F8 (Flyball, 78XD)
|
Top of the 4th over - 0 run(s), 1 hit(s), 0 error(s), 1 left on base; Athletic Club KC 0 - Florida 0 |
BOTTOM OF THE 4TH |
Florida Men batting - Pitching for Athletic Club KC Reserves : RHP Norris Howard
|
Batting: RHB Pat Ings
|
0-0: Ball 1-0: Fly out, F9 (Flyball, 89D)
|
Batting: RHB Gilberto Patino
|
0-0: Ball 1-0: Called Strike 1-1: Called Strike 1-2: SOLO HOME RUN (Line Drive, 7D), Distance : 385 ft
|
Batting: RHB Won-min Yi
|
0-0: Called Strike 0-1: Ball 1-1: Called Strike 1-2: Strikes out swinging
|
Batting: LHB Mysterious Walker
|
0-0: Called Strike 0-1: Swinging Strike 0-2: Strikes out swinging
|
Bottom of the 4th over - 1 run(s), 1 hit(s), 0 error(s), 0 left on base; Athletic Club KC 0 - Florida 1 |
TOP OF THE 5TH |
Athletic Club KC Reserves batting - Pitching for Florida Men : RHP Jorge Silva
|
Batting: LHB Eduardo López
|
0-0: Ball 1-0: Foul Ball, location: 2F 1-1: DOUBLE (Line Drive, 7LM)
|
Batting: RHB Karl Stevens
|
0-0: Called Strike 0-1: Called Strike 0-2: Ball 1-2: Ball 2-2: Ground out 1-3 (Groundball, 15)
|
Batting: SHB Don Holmes
|
0-0: Called Strike 0-1: Ball 1-1: Ball 2-1: Foul Ball, location: 2F 2-2: Strikes out looking
|
Batting: LHB Matt Hartnett
|
0-0: Fly out, F7 (Flyball, 7M)
|
Top of the 5th over - 0 run(s), 1 hit(s), 0 error(s), 1 left on base; Athletic Club KC 0 - Florida 1 |
BOTTOM OF THE 5TH |
Florida Men batting - Pitching for Athletic Club KC Reserves : RHP Norris Howard
|
Batting: SHB Luis Gutiérrez
|
0-0: Ball 1-0: Ball 2-0: Fly out, F9 (Line Drive, 9M)
|
Batting: RHB Aaron Phillips
|
0-0: Called Strike 0-1: Called Strike 0-2: Ball 1-2: Ball 2-2: Ball 3-2: Foul Ball, location: 2F 3-2: Foul Ball, location: 2F 3-2: Fly out, F8 (Flyball, 8RXD)
|
Batting: RHB Jim Unknown
|
0-0: Called Strike 0-1: Foul Ball, location: 2F 0-2: Ball 1-2: Ground out 4-3 (Groundball, 4M)
|
Bottom of the 5th over - 0 run(s), 0 hit(s), 0 error(s), 0 left on base; Athletic Club KC 0 - Florida 1 |
TOP OF THE 6TH |
Athletic Club KC Reserves batting - Pitching for Florida Men : RHP Jorge Silva
|
Batting: RHB Javier Díaz
|
0-0: Fly out, F9 (Popup, 89S)
|
Batting: LHB Michael Landry
|
0-0: Foul Ball, location: 2F 0-1: Foul Ball, location: 2F 0-2: Ball 1-2: Foul Ball, location: 2F 1-2: Foul Ball, location: 2F 1-2: SINGLE (Groundball, 4MD)
|
Batting: RHB Glenn Woods
|
0-0: Called Strike 0-1: Foul Ball, location: 2F 0-2: SINGLE (Groundball, 56) Michael Landry to second
|
Batting: RHB Robert Hill
|
0-0: Ball 1-0: Called Strike 1-1: DOUBLE (Line Drive, 7LM) Michael Landry scores Glenn Woods to third
|
Batting: RHB Dao-zi Dai
|
0-0: Intentional Walk
|
Batting: LHB Eduardo López
|
0-0: Called Strike 0-1: Ball 1-1: Called Strike 1-2: Ball 2-2: Grounds into double play, 4-6-3 (Groundball, 4)
|
Top of the 6th over - 1 run(s), 3 hit(s), 0 error(s), 2 left on base; Athletic Club KC 1 - Florida 1 |
BOTTOM OF THE 6TH |
Florida Men batting - Pitching for Athletic Club KC Reserves : RHP Norris Howard
|
Batting: LHB Bastyão Lizardo
|
0-0: Fly out, F5 (Popup, 25F)
|
Batting: RHB Max Banham
|
0-0: Ball 1-0: Ball 2-0: Called Strike 2-1: SOLO HOME RUN (Flyball, 8RXD), Distance : 438 ft
|
Batting: RHB Pat Ings
|
0-0: Ball 1-0: Ground out 4-3 (Groundball, 4)
|
Batting: RHB Gilberto Patino
|
0-0: Ball 1-0: Ball 2-0: SINGLE (Line Drive, 78S)
|
Batting: RHB Won-min Yi
|
0-0: Swinging Strike 0-1: Swinging Strike 0-2: Ball 1-2: Ball 2-2: SINGLE (Groundball, 34) Gilberto Patino to second
|
Pitching: RHP Alfonso Álvarez
|
|
Batting: LHB Mysterious Walker
|
0-0: Ball 1-0: Foul Ball, location: 2F 1-1: Swinging Strike 1-2: Strikes out swinging
|
Bottom of the 6th over - 1 run(s), 3 hit(s), 0 error(s), 2 left on base; Athletic Club KC 1 - Florida 2 |
TOP OF THE 7TH |
Athletic Club KC Reserves batting - Pitching for Florida Men : RHP Jorge Silva
|
Batting: RHB Karl Stevens
|
0-0: Swinging Strike 0-1: Ball 1-1: Foul Ball, location: 2F 1-2: Ground out 4-3 (Groundball, 4)
|
Batting: SHB Don Holmes
|
0-0: Ball 1-0: Swinging Strike 1-1: Ball 2-1: Called Strike 2-2: Ball 3-2: Foul Ball, location: 2F 3-2: Foul Ball, location: 2F 3-2: Ground out 4-3 (Groundball, 4)
|
Batting: LHB Matt Hartnett
|
0-0: Ball 1-0: Foul Ball, location: 2F 1-1: Swinging Strike 1-2: Foul Ball, location: 2F 1-2: Ground out U3 (Groundball, 3)
|
Top of the 7th over - 0 run(s), 0 hit(s), 0 error(s), 0 left on base; Athletic Club KC 1 - Florida 2 |
BOTTOM OF THE 7TH |
Florida Men batting - Pitching for Athletic Club KC Reserves : RHP Alfonso Álvarez
|
Batting: SHB Luis Gutiérrez
|
0-0: Foul Ball, location: 2F 0-1: DOUBLE (Flyball, 8LXD)
|
Batting: RHB Aaron Phillips
|
0-0: Swinging Strike 0-1: Ball 1-1: Ball 2-1: Foul Ball, location: 2F 2-2: SINGLE (Groundball, 6MD) Luis Gutiérrez to third
|
Batting: RHB Jim Unknown
|
0-0: Called Strike 0-1: Ball 1-1: Ball 2-1: Foul Ball, location: 2F 2-2: Strikes out swinging
|
Batting: LHB Bastyão Lizardo
|
0-0: Ball 1-0: Ball 2-0: Ball 3-0: Base on Balls Aaron Phillips to second
|
Batting: RHB Max Banham
|
0-0: Fly out, F9 (Flyball, 89M) Runner from 3rd tags up, SCORES, no throw
|
Batting: RHB Pat Ings
|
0-0: Ground out 4-3 (Groundball, 4)
|
Bottom of the 7th over - 1 run(s), 2 hit(s), 0 error(s), 2 left on base; Athletic Club KC 1 - Florida 3 |
TOP OF THE 8TH |
Athletic Club KC Reserves batting - Pitching for Florida Men : RHP Jorge Silva
|
Batting: RHB Javier Díaz
|
0-0: Called Strike 0-1: SINGLE (Flyball, 89S)
|
Batting: LHB Michael Landry
|
0-0: Ball 1-0: Called Strike 1-1: Called Strike 1-2: Ball 2-2: Ball 3-2: DOUBLE (Line Drive, 5L) Javier Díaz to third
|
Pitching: RHP Jim Unknown
|
|
Pinch Hitting: RHB José Rodríguez
|
0-0: Foul Ball, location: 2F 0-1: Ball 1-1: Ball 2-1: Swinging Strike 2-2: Ball 3-2: Strikes out looking
|
Batting: RHB Robert Hill
|
0-0: Called Strike 0-1: Ball 1-1: Called Strike 1-2: Strikes out looking
|
Batting: RHB Dao-zi Dai
|
0-0: Swinging Strike 0-1: Ball 1-1: Swinging Strike 1-2: SINGLE (Groundball, 4MD) Javier Díaz scores Michael Landry to third Runner from 3rd tries for Home, SAFE, no throw or cutoff
|
Batting: LHB Eduardo López
|
0-0: Called Strike 0-1: Ball 1-1: Swinging Strike 1-2: Foul Ball, location: 2F 1-2: Ball 2-2: Strikes out looking
|
Top of the 8th over - 2 run(s), 3 hit(s), 0 error(s), 1 left on base; Athletic Club KC 3 - Florida 3 |
BOTTOM OF THE 8TH |
Florida Men batting - Pitching for Athletic Club KC Reserves : RHP Alfonso Álvarez
|
Now at 3B: Mike Lovell
|
|
Batting: RHB Gilberto Patino
|
0-0: Called Strike 0-1: Called Strike 0-2: Ball 1-2: Ball 2-2: Fly out, F5 (Popup, 56)
|
Batting: RHB Won-min Yi
|
0-0: Called Strike 0-1: SINGLE (Line Drive, 4)
|
Batting: LHB Mysterious Walker
|
0-0: Ball 1-0: Called Strike 1-1: Ball 2-1: Called Strike 2-2: Foul Ball, location: 2F 2-2: Ball 3-2: Foul Ball, location: 2F 3-2: Fly out, F5 (Popup, 5DF)
|
Pinch Hitting: RHB Jim Unknown
|
0-0: Ground out 6-3 (Groundball, 6)
|
Bottom of the 8th over - 0 run(s), 1 hit(s), 0 error(s), 1 left on base; Athletic Club KC 3 - Florida 3 |
TOP OF THE 9TH |
Athletic Club KC Reserves batting - Pitching for Florida Men : RHP Jim Unknown
|
Now in LF: Jim Unknown
|
|
Batting: RHB Karl Stevens
|
0-0: Swinging Strike 0-1: Foul Ball, location: 2F 0-2: Ball 1-2: Ball 2-2: SINGLE (Flyball, 8RS)
|
Batting: SHB Don Holmes
|
0-0: Ball 1-0: Ball 2-0: Bunted foul 2-1: Ball 3-1: Reached on error, E1 (Groundball, 13) Karl Stevens to second
|
Batting: LHB Matt Hartnett
|
0-0: Sac Bunt - play at first, batter OUT! 1-4 Karl Stevens to third Don Holmes to second
|
Pinch Hitting: RHB Máximo Padilla
|
0-0: Called Strike 0-1: Ball 1-1: Ball 2-1: Called Strike 2-2: Ball 3-2: Base on Balls
|
Batting: LHB Michael Landry
|
0-0: Swinging Strike 0-1: Ball 1-1: Called Strike 1-2: Ball 2-2: Ball 3-2: Base on Balls Karl Stevens scores Don Holmes to third Máximo Padilla to second
|
Batting: RHB Mike Lovell
|
0-0: Ball 1-0: Swinging Strike 1-1: Called Strike 1-2: Foul Ball, location: 2F 1-2: Strikes out swinging
|
Batting: RHB Robert Hill
|
0-0: Foul Ball, location: 2F 0-1: Swinging Strike 0-2: Ball 1-2: Strikes out swinging
|
Top of the 9th over - 1 run(s), 1 hit(s), 1 error(s), 3 left on base; Athletic Club KC 4 - Florida 3 |
BOTTOM OF THE 9TH |
Florida Men batting - Pitching for Athletic Club KC Reserves : RHP Alfonso Álvarez
|
Pitching: RHP Jeff Krause
|
|
Now at SS: Jim Unknown
|
|
Batting: RHB Aaron Phillips
|
0-0: Called Strike 0-1: Ball 1-1: Foul Ball, location: 2F 1-2: Strikes out swinging
|
Batting: RHB Jim Unknown
|
0-0: Ball 1-0: Fly out, F6 (Line Drive, 56)
|
Batting: LHB Bastyão Lizardo
|
0-0: SINGLE (Groundball, 56D)
|
Batting: RHB Max Banham
|
0-0: Called Strike 0-1: Ground out 6-3 (Groundball, 6)
|
Bottom of the 9th over - 0 run(s), 1 hit(s), 0 error(s), 1 left on base; Athletic Club KC 4 - Florida 3 |
|